 Dungeon Crawl Stone Soup version 0.31.0-32-g396128a36d (webtiles) character file.

Game seed: 16423706074411287440

93461 PaiMei the Lord of Darkness (level 15, 0/122 HPs)
             Began as a Demonspawn Necromancer on Apr 6, 2024.
             Was the Champion of Kikubaaqudgha.
             Slain by a green ugly thing (16 damage)
             ... on level 13 of the Dungeon.
             The game lasted 01:01:33 (47887 turns).

PaiMei the Lord of Darkness (DsNe)                 Turns: 47887, Time: 01:01:33

Health: 0/122      AC:  0    Str: 21    XL:     15   Next: 60%
Magic:  21/32      EV: 25    Int: 22    God:    Kikubaaqudgha [******]
Gold:   1537       SH:  6    Dex: 14    Spells: 10/40 levels left

rFire   . . .        O - +1 flail (protect)
rCold   + . .        Q - +0 buckler {rC+}
rNeg    . . .        y - +1 ring mail of Focus {Str+6}
rPois   .            (no helmet)
rElec   .            C - +0 cloak {rCorr}
rCorr   +            P - +1 pair of gloves
SInv    .            (no boots)
Will    +....        Z - amulet of regeneration
Stlth   +            s - +5 ring of evasion
HPRegen 1.20/turn    z - +6 ring of strength
MPRegen 0.23/turn

%: no passive effects
@: mighty, agile, corroded
A: molten scales 2, ignite blood 1, powered by pain 1, demonic touch 1
a: Renounce Religion, Unearth Wretches, Torment, Brand Weapon With Pain, Receive
Forbidden Knowledge


You were on level 13 of the Dungeon.
You worshipped Kikubaaqudgha.
Kikubaaqudgha was exalted by your worship.
You visited 3 branches of the dungeon, and saw 20 of its levels.
You also visited: Sewer.

You collected 1696 gold pieces.
You spent 159 gold pieces at shops.

Inventory:

Hand Weapons
 d - a +1 dagger of pain
 O - a +1 flail of protection (weapon)
Missiles
 r - 12 atropa-tipped darts (quivered)
 L - 14 darts of dispersal
Armour
 y - the +1 ring mail of Focus (worn) {Str+6}
   (You found it on level 1 of the Lair of Beasts)

   Str+6:     It affects your strength (+6).
 C - a +0 cloak of preservation (worn)
 P - a +1 pair of gloves (worn)
 Q - a +0 buckler of cold resistance (worn)
Magical Staves
 n - a staff of death
Jewellery
 s - a +5 ring of evasion (left hand)
 u - a ring of protection from fire
 z - a +6 ring of strength (right hand)
 R - a ring of flight
 Z - an amulet of regeneration (around neck)
Wands
 k - a wand of charming (27)
 x - a wand of roots (13)
 A - a wand of mindburst (5)
 F - a wand of flame (45)
 V - a wand of digging (9)
 W - a wand of light (12)
Scrolls
 a - 2 scrolls of brand weapon
 c - 2 scrolls of torment
 g - 4 scrolls of enchant weapon
 h - 8 scrolls of teleportation
 m - 4 scrolls of vulnerability
 t - a scroll of summoning
 v - 2 scrolls of amnesia
 w - 4 scrolls of blinking
 B - 3 scrolls of revelation
 D - a scroll of silence {unknown}
 G - a scroll of identify
 J - a scroll of fear {unknown}
 N - 5 scrolls of enchant armour
 S - 3 scrolls of poison
 T - 2 scrolls of immolation
 Y - 3 scrolls of fog
Potions
 b - 2 potions of magic
 e - 2 potions of attraction {unknown}
 f - 2 potions of brilliance {unknown}
 i - 4 potions of berserk rage
 j - 5 potions of enlightenment
 l - 3 potions of haste
 o - 4 potions of heal wounds
 p - 4 potions of lignification
 q - 2 potions of mutation {unknown}
 E - 7 potions of curing
 H - a potion of invisibility {unknown}
 I - 3 potions of degeneration {unknown}
 K - 4 potions of might
 U - a potion of resistance {unknown}
Miscellaneous
 X - a box of beasts


   Skills:
 - Level 12.4 Fighting
 - Level 11.2 Dodging
 - Level 2.0 Stealth
 + Level 7.3 Shields
 + Level 13.3 Spellcasting
 + Level 16.1 Necromancy
 + Level 7.3 Evocations


You had 10 spell levels left.
You knew the following spells:

 Your Spells              Type           Power      Damage    Failure   Level
a - Necrotise             Necr           100%       1d9       0%          1
b - Vampiric Draining     Necr           72%        2d11      1%          3
c - Animate Dead          Necr           72%        N/A       1%          4
d - Curse of Agony        Necr           72%        N/A       1%          5
e - Dispel Undead         Necr           72%        3d24      1%          4
f - Borgnjor's Vile Clut  Necr/Erth      25%        N/A       9%          5
g - Anguish               Hex/Necr       25%        N/A       3%          4
h - Martyr's Knell        Necr/Summ      50%        N/A       3%          4

Your spell library contained the following spells:

 Spells                   Type           Power      Damage    Failure   Level
 Kiss of Death            Conj/Necr      100%       2d13      1%          1
 Death Channel            Necr           36%        N/A       1%          6
 Static Discharge         Conj/Air       28%        3-5/arc   13%         2
 Confusing Touch          Hex            14%        N/A       26%         3
 Tukima's Dance           Hex            14%        N/A       26%         3
 Airstrike                Air            7%         2d(1-17)  63%         4
 Dimensional Bullseye     Hex/Tloc       7%         N/A       63%         4
 Iskenderun's Mystic Bla  Conj/Tloc      14%        2d5       63%         4
 Summon Lightning Spire   Summ/Air       14%        N/A       63%         4
 Vhi's Electric Charge    Tloc/Air       28%        N/A       63%         4
 Arcjolt                  Conj/Air       7%         1d17      93%         5
 Plasma Beam              Fire/Air       7%         2x1d17    100%        6


Dungeon Overview and Level Annotations

Branches:
Dungeon (14/15) Temple (0/1) D:6 Lair (5/5) D:9 Swamp (0/4) Lair:3 Snake (0/4) Lair:3 Slime (0/5) Lair:5 Orc (1/2) D:10 Vaults (0/5) D:13 D:14 Sewer (visited)

Altars:
Dithmenos
Fedhas
Kikubaaqudgha
Nemelex Xobeh
Trog
Jiyva

Shops:
D:2 (   D:5 !   D:8 :*   D:10 (*   D:11 **

Annotations:
D:9 6 transporters, 1 runed translucent door, jimmypageman's ghost, novice MiFi
D:14 Urug


Innate Abilities, Weirdness & Mutations

You are mostly covered in molten scales. (AC +3)
Your demonic aura sometimes causes spilled blood to erupt in flames.
You sometimes gain a little power by taking damage.
Your touch may inflict minor irresistible damage on your foes.


Message History

The brown ugly thing punches you!
* * * LOW HITPOINT WARNING * * *
You are splashed with acid.
You resist.
* * * LOW HITPOINT WARNING * * *
Casting: Vampiric Draining (safe; 1% risk of failure)
Confirm with . or Enter, or press ? or * to list all spells.
Aiming: Vampiric Draining (safe; 1% risk of failure)
Press: ? - help, Shift-Dir - straight line, f/p - brown ugly thing
Aim: a brown ugly thing (almost dead)
You draw life force from the brown ugly thing!!
You kill the brown ugly thing!
Kikubaaqudgha accepts your kill.
You feel life coursing into your body. The green ugly thing misses you.
The brown ugly thing stings you!
* * * LOW HITPOINT WARNING * * *
You are splashed with acid.
You resist.
* * * LOW HITPOINT WARNING * * *
Casting: Vampiric Draining (safe; 1% risk of failure)
Confirm with . or Enter, or press ? or * to list all spells.
Aiming: Vampiric Draining (safe; 1% risk of failure)
Press: ? - help, Shift-Dir - straight line, f - boulder beetle
Aim: a boulder beetle You draw life force from the boulder beetle!
You feel life coursing into your body.
You block the green ugly thing's attack.
The boulder beetle misses you. The brown ugly thing stings you!
* * * LOW HITPOINT WARNING * * *
You focus on the pain.
You feel your power returning.
You are splashed with acid.
You resist.
* * * LOW HITPOINT WARNING * * *
Casting: Vampiric Draining (safe; 1% risk of failure)
Confirm with . or Enter, or press ? or * to list all spells.
Aiming: Vampiric Draining (safe; 1% risk of failure)
Press: ? - help, Shift-Dir - straight line, f/p - boulder beetle
Aim: a boulder beetle (lightly wounded)
You draw life force from the boulder beetle!
You feel life coursing into your body.
The green ugly thing tentacle-slaps you!
You die...
Kikubaaqudgha rasps: "You have failed me!
Welcome... death!"

#)...#..............##
##.....
.###................#
##...... ##
##...............#
##....... #
#...............#
#........
#..............##
##........
#..............#
#.........
#.............##
##.........
#..)........†u#
#...<.....[
#..........B@##
#..........
#..........u†#
#..........
##..........##
#..........
#.........##
##.........
##.....#.## ####......
#######..## ####...
##..## ##########....
##..###....##....##.
### ###
#...##.......######


You could see a boulder beetle and 2 ugly things.

Vanquished Creatures
  Rupert (D:13)
  8 hydras
  3 catoblepae
  A death knight (D:13)
  4 two-headed ogres
  3 boulder beetles
  A centaur warrior (D:13)
  13 death yaks
  3 skysharks
  A skeletal warrior (D:12)
  3 lindwurms (Lair:5)
  2 ugly things (D:13)
  2 deep elf pyromancers (D:12)
  2 oklob plants (Lair:5)
  A manticore (shapeshifter) (D:13)
  Maurice (D:10)
  A cyclops (D:11)
  2 manticores
  8 elephants (Lair:5)
  13 black mambas
  A torpor snail (Lair:5)
  An unseen horror (D:10)
  6 rime drakes
  13 cane toads
  A kobold demonologist (D:12)
  A freezing wraith (D:13)
  14 komodo dragons
  8 polar bears
  4 trolls
  16 blink frogs
  3 hornets
  Prince Ribbit (D:5)
  10 dream sheep
  6 slime creatures (D:12)
  15 wyverns
  61 yaks
  2 black mamba zombies (Lair:5)
  A shadow (D:11)
  A vampire (D:8)
  3 wraiths
  6 basilisks
  8 vampire mosquitoes
  13 humans (D:13)
  2 steam dragons
  3 nagas (Lair:3)
  2 acid dragons
  A cane toad zombie (Lair:3)
  25 water moccasins
  Pargi (Sewer)
  5 black bears
  A blink frog zombie (Lair:2)
  An ice beast (D:7)
  A sky beast (D:7)
  3 ogres
  6 orc warriors
  2 laughing skulls (D:13)
  10 wolves
  4 centaurs
  The ghost of turdburglar the Changeling, an amateur MfSh of Cheibriados (D:3)
  A phantom (D:5)
  A komodo dragon zombie (Lair:3)
  A brain worm (Sewer)
  8 bullfrogs
  4 kobold brigands
  2 gnoll sergeants
  2 scorpions
  A polar bear zombie (Lair:2)
  7 killer bees
  2 howler monkeys
  2 wolf zombies (Lair:2)
  3 bombardier beetles
  A bullfrog zombie (Lair:1)
  A basilisk zombie (Lair:1)
  3 hounds
  11 orc priests
  Crazy Yiuf (D:4)
  A gnoll bouda (D:8)
  2 jellies
  9 iguanas
  15 orc wizards
  A hell rat (Lair:5)
  16 gnolls
  A river rat (D:3)
  10 adders
  2 shadow imps (D:7)
  2 white imps
  3 ribbon worms
  A dart slug (D:2)
  41 orcs
  5 ball pythons
  2 endoplasms (D:2)
  2 giant cockroaches
  11 goblins
  10 hobgoblins
  4 quokkas
  7 bats
  7 frilled lizards
  19 kobolds
  4 rats
562 creatures vanquished.

Vanquished Creatures (collateral kills)
  2 hydras
  A skyshark (Lair:2)
  An ugly thing (D:13)
  A cyclops (D:13)
  A wolf spider (Lair:5)
  3 elephants (Lair:5)
  A guardian serpent (Lair:5)
  A torpor snail (Lair:5)
  4 black mambas
  8 cane toads
  2 gargoyles (D:11)
  A rime drake (Lair:3)
  6 komodo dragons
  2 polar bears
  A hornet (Lair:5)
  3 dream sheep (Lair:3)
  3 blink frogs (Lair:2)
  8 yaks
  A wyvern (Lair:5)
  3 basilisks
  2 water moccasins
  A black bear (Lair:2)
  8 wolves
  2 bullfrogs
  2 iguanas (Lair:3)
  An orc (D:4)
  3 endoplasms (D:2)
  A kobold (D:9)
  A ball python (D:2)
  A rat (D:2)
75 creatures vanquished.

Vanquished Creatures (others)
  A boulder beetle (D:12)
  A death yak zombie (Lair:5)
  2 hydra zombies
  2 black mamba zombies
  A two-headed ogre zombie (D:12)
  A water moccasin (Lair:3)
  6 cane toad zombies
  A dream sheep zombie (Lair:3)
  6 elephant zombies (Lair:5)
  7 blink frog zombies
  A rime drake zombie (Lair:2)
  4 komodo dragon zombies
  A water moccasin zombie (Lair:3)
  A wyvern zombie (Lair:5)
  3 yak zombies (Lair:5)
  A wolf zombie (Lair:2)
  An iguana zombie (Lair:3)
40 creatures vanquished.

Grand Total: 677 creatures vanquished

Notes
Turn   | Place    | Note
-------+----------+-------------------------------------------
     0 | D:1      | PaiMei the Demonspawn Necromancer began the quest for the
                  | Orb.
     0 | D:1      | Reached XP level 1. HP: 13/13 MP: 3/3
   428 | D:1      | Gained mutation: You are partially covered in molten
                  | scales. (AC +2) [demonic ancestry]
   428 | D:1      | Reached XP level 2. HP: 19/19 MP: 5/5
   903 | D:2      | Found Diytte's Weapon Emporium.
  1065 | D:2      | Reached XP level 3. HP: 19/25 MP: 1/6
  1069 | D:2      | Learned a level 3 spell: Vampiric Draining
  1126 | D:2      | Reached skill level 1 in Fighting
  1434 | D:2      | Found a blossoming altar of Fedhas.
  1689 | D:2      | Gained mutation: Your touch may inflict minor irresistible
                  | damage on your foes. [demonic ancestry]
  1689 | D:2      | Reached XP level 4. HP: 32/32 MP: 3/7
  2027 | D:3      | Noticed turdburglar's ghost (amateur MfSh)
  2030 | D:3      | Found a runed translucent door.
  2062 | D:3      | Reached skill level 5 in Necromancy
  2187 | D:3      | Found a glowing drain.
  2191 | Sewer    | Entered a sewer
  2191 | Sewer    | Noticed a brain worm
  2192 | Sewer    | Noticed a kobold brigand
  2199 | Sewer    | Killed a brain worm
  2200 | Sewer    | Gained mutation: You are mostly covered in molten scales.
                  | (AC +3) [demonic ancestry]
  2200 | Sewer    | Reached XP level 5. HP: 30/38 MP: 1/9
  2298 | Sewer    | Noticed Pargi
  2308 | Sewer    | Killed Pargi
  2309 | Sewer    | Reached XP level 6. HP: 30/46 MP: 3/11
  2795 | D:3      | Found a faded altar of an unknown god.
  2961 | D:3      | Identified the +1 ring mail of Wisdom {Str+4 Int-5 Dex+4}
  3101 | D:3      | Found a bloodstained altar of Trog.
  3293 | D:3      | Learned a level 4 spell: Animate Dead
  3967 | D:4      | Noticed an orc warrior
  4014 | D:3      | Killed an orc warrior
  4015 | D:3      | Reached skill level 6 in Necromancy
  4015 | D:3      | Reached XP level 7. HP: 42/52 MP: 1/12
  4615 | D:4      | Found a runed translucent door.
  4616 | D:4      | Noticed Crazy Yiuf
  5004 | D:5      | Entered Level 5 of the Dungeon
  5617 | D:5      | Noticed Prince Ribbit
  5624 | D:5      | Killed Prince Ribbit
  5625 | D:5      | Reached XP level 8. HP: 49/61 MP: 3/15
  5879 | D:5      | Reached skill level 7 in Necromancy
  6018 | D:5      | Found an ancient bone altar of Kikubaaqudgha.
  6071 | D:5      | Found Nam Ilou's Distillery.
  6092 | D:5      | Reached skill level 5 in Dodging
  6092 | D:5      | Reached skill level 5 in Spellcasting
  6103 | D:5      | Reached skill level 5 in Fighting
  6489 | D:5      | Bought a potion of curing for 42 gold pieces
  6489 | D:5      | Bought a potion of heal wounds for 70 gold pieces
  6853 | D:5      | Became a worshipper of Kikubaaqudgha
  7270 | D:6      | Gained mutation: Your demonic aura sometimes causes spilled
                  | blood to erupt in flames. [demonic ancestry]
  7270 | D:6      | Reached XP level 9. HP: 68/68 MP: 8/17
  7664 | D:6      | Found a staircase to the Ecumenical Temple.
  7710 | D:6      | Reached skill level 8 in Necromancy
  7986 | D:6      | Found a shadowy altar of Dithmenos.
  8383 | D:6      | Reached * piety under Kikubaaqudgha
  8383 | D:6      | Received a gift from Kikubaaqudgha
  9346 | D:7      | Reached skill level 9 in Necromancy
 10274 | D:7      | Reached XP level 10. HP: 79/79 MP: 14/20
 10908 | D:8      | Found Ytufiuda's Demolitions Depot.
 11297 | D:8      | Learned a level 5 spell: Curse of Agony
 11302 | D:8      | Learned a level 4 spell: Dispel Undead
 11307 | D:8      | Found Vakhliy's Self-Published Books.
 11583 | D:9      | Noticed a two-headed ogre
 12708 | D:9      | Found a staircase to the Lair.
 12728 | D:9      | Found a transporter.
 12732 | D:9      | Found a transporter.
 12746 | D:9      | Found a transporter.
 12801 | D:9      | Found a transporter.
 12891 | D:9      | Killed a two-headed ogre
 13174 | D:9      | Reached skill level 10 in Necromancy
 13375 | D:9      | Found a transporter.
 13376 | D:9      | Found a transporter.
 13432 | D:9      | Reached ** piety under Kikubaaqudgha
 14063 | D:9      | Found a runed translucent door.
 14064 | D:9      | Noticed jimmypageman's ghost (novice MiFi)
 14512 | D:10     | Entered Level 10 of the Dungeon
 14516 | D:10     | Found Vuyprale's Antique Weapon Boutique.
 14534 | D:10     | You fall into a shaft and drop 1 floor!
 14570 | D:11     | Noticed a cyclops
 15570 | D:3      | Killed turdburglar's ghost
 15670 | D:4      | Killed Crazy Yiuf
 15968 | Lair:1   | Entered Level 1 of the Lair of Beasts
 16005 | Lair:1   | Reached XP level 11. HP: 54/87 MP: 2/23
 17193 | Lair:1   | Reached skill level 11 in Necromancy
 17540 | Lair:1   | Reached *** piety under Kikubaaqudgha
 17540 | Lair:1   | Received a gift from Kikubaaqudgha
 17732 | Lair:1   | You fall into a shaft and drop 1 floor!
 18559 | Lair:1   | Identified the +1 ring mail of Focus {Str+6}
 18874 | Lair:2   | Noticed a skyshark
 18881 | Lair:2   | Killed a skyshark
 19074 | Lair:2   | Noticed a five-headed hydra
 19081 | Lair:2   | Killed a five-headed hydra
 19082 | Lair:2   | Gained mutation: You sometimes gain a little power by
                  | taking damage. [demonic ancestry]
 19082 | Lair:2   | Reached XP level 12. HP: 72/97 MP: 14/25
 19127 | Lair:2   | Reached skill level 10 in Fighting
 19534 | Lair:2   | Noticed a six-headed hydra
 19542 | Lair:2   | Killed a six-headed hydra
 19546 | Lair:2   | Reached skill level 12 in Necromancy
 19868 | Lair:2   | Reached **** piety under Kikubaaqudgha
 19928 | Lair:1   | Reached skill level 10 in Dodging
 19932 | Lair:1   | Reached skill level 10 in Spellcasting
 21720 | Lair:3   | Found a staircase to the Snake Pit.
 21745 | Lair:3   | Noticed a seven-headed hydra
 22117 | Lair:3   | Found a staircase to the Swamp.
 22168 | Lair:3   | Noticed a boulder beetle
 22182 | Lair:3   | Killed a boulder beetle
 22185 | Lair:3   | Noticed a death yak
 22527 | Lair:3   | Reached XP level 13. HP: 79/106 MP: 22/27
 22532 | Lair:3   | Reached skill level 13 in Necromancy
 23027 | Lair:3   | Reached ***** piety under Kikubaaqudgha
 25331 | Lair:3   | Learned a level 5 spell: Borgnjor's Vile Clutch
 25336 | Lair:3   | Learned a level 4 spell: Anguish
 25341 | Lair:3   | Learned a level 4 spell: Martyr's Knell
 26477 | Lair:4   | Reached skill level 1 in Shields
 27296 | Lair:4   | Reached skill level 14 in Necromancy
 28049 | Lair:5   | Entered Level 5 of the Lair of Beasts
 28970 | Lair:4   | Reached XP level 14. HP: 69/116 MP: 1/29
 29317 | Lair:4   | Reached skill level 1 in Evocations
 32707 | Lair:5   | Found a viscous altar of Jiyva.
 32708 | Lair:5   | Found a staircase to the Slime Pits.
 33429 | Lair:5   | Reached skill level 5 in Shields
 33429 | Lair:5   | Reached skill level 15 in Necromancy
 34695 | Lair:5   | Reached skill level 5 in Evocations
 35556 | Lair:5   | Found a sparkling altar of Nemelex Xobeh.
 36800 | Lair:5   | Reached XP level 15. HP: 122/122 MP: 17/31
 38752 | D:10     | Noticed Maurice
 39831 | D:10     | Found a staircase to the Orcish Mines.
 40203 | D:10     | Killed Maurice
 40493 | D:10     | Found Mymefil's CLEARANCE SALE!.
 40501 | D:10     | Bought a scroll of identify for 10 gold pieces
 40501 | D:10     | Bought a scroll of revelation for 37 gold pieces
 40687 | Orc:1    | Entered Level 1 of the Orcish Mines
 40711 | D:11     | Found Woysent's Assorted Antiques.
 41598 | D:11     | Found Ryel's Mass Market.
 42104 | D:12     | Reached ****** piety under Kikubaaqudgha
 45833 | D:13     | Reached skill level 16 in Necromancy
 46380 | D:14     | Noticed Rupert
 46380 | D:14     | Noticed Urug
 46380 | D:14     | Found a gate to the Vaults.
 47693 | D:13     | Killed Rupert
 47887 | D:13     | Slain by a green ugly thing

Illustrated notes

Levels and vault maps discovered:
D:1:      roderic_dead_forest, layout_basic
D:2:      layout_loops_cross, basic_altar, serial_shops,
          nicolae_shop_bloodbath_and_beyond, hangedman_decor_clover_reticule,
          st_stairs_1, chequers_serial_rivers_small_b, chequers_arboretum
D:3:      layout_loops_ring, trog_three_pillars_becter, basic_ecumenical_altar,
          gup_sewer_entry_spiral, hellmonk_ghost_happy_afterlife,
          kennysheep_cross_room, kennysheep_generic_room_5
D:4:      layout_basic, uniq_crazy_yiuf_cottage
D:5:      layout_loops_cross, nicolae_elyvilon_temple_path,
          lemuel_coloured_pillars_altar, kennysheep_windowed_goal,
          uniq_prince_ribbit1
D:6:      layout_basic, general_overflow_altar, minmay_temple_entry_sparse_star
D:7:      layout_basic, minivault_19, minmay_unpleasant_kobolds
D:8:      layout_rooms, nicolae_custom_books, nicolae_blasting_shop
D:9:      layout_stronghold, due_lair_maze_entry_diamond, enter_bailey_2,
          ebering_ghost_inner_flame, serial_nicolae_subway,
          nicolae_sub_station_metal, nicolae_sub_station_crystal,
          nicolae_sub_station_stone
D:10:     layout_basic, orc_0_dummy, serial_shops, shop, nicolae_shop_clearance,
          uniq_maurice
D:11:     layout_rooms, serial_shops, nicolae_stop_n_shop_2, minmay_shop_mass,
          nrook_mini_backslash
D:12:     layout_basic, serial_corexii_hall, chequers_hall_statues_corner_a,
          chequers_hall_statues_y
D:13:     layout_cave_pods
D:14:     layout_cross, david_vaults_3, kennysheep_minor_cross, uniq_rupert
Lair:1:   layout_loops_ring
Lair:2:   beast_lair_carwin_large_3, layout_gridlike,
          portal_ice_cave_entry_pillars_2, cheibrodos_lair_lostbears
Lair:3:   nzn_winding_woodlands_large [nzn_winding_woodlands_5x5_default,
          nzn_winding_woodlands_5x15_parted,
          nzn_winding_woodlands_5x5_open_star,
          nzn_winding_woodlands_center_garden,
          nzn_winding_woodlands_15x15_boxy_spiral,
          nzn_winding_woodlands_center_triple_pond,
          nzn_winding_woodlands_5x5_checkerboard,
          nzn_winding_woodlands_5x15_sidewinder,
          nzn_winding_woodlands_5x5_default], layout_regular_city,
          minmay_swamp_entry_reptiles, guppyfry_snake_entry_garden,
          gauntlet_entry_generic, minivault_19,
          eino_small_chamber_without_monster, lemuel_old_faithful
Lair:4:   layout_regular_city, st_stairs_3
Lair:5:   hangedman_lair_tendril_chambers, layout_layer_cave,
          hangedman_lair_in_review, minmay_slime_entry_oklob_open, basic_altar
Orc:1:    layout_diamond_mine, basic_altar, uniq_urug

Skill      XL: |  1  2  3  4  5  6  7  8  9 10 11 12 13 14 15 |
---------------+----------------------------------------------+-----
Stealth        | 2 |  2.0
Dodging        | 2 3 4 5 6 8 9 10 11 | 11.2
Fighting       | 1 2 3 4 5 7 8 9 11 12 | 12.4
Necromancy     | 5 6 7 9 10 11 12 14 15 16 | 16.1
Spellcasting   | 3 4 5 6 8 9 10 11 12 13 | 13.3
Shields        | 2 5 7 |  7.3
Evocations     | 5 7 |  7.3

Action                     |  1- 3 |  4- 6 |  7- 9 | 10-12 | 13-15 || total
---------------------------+-------+-------+-------+-------+-------++-------
  Melee: Dagger            |    24 |    42 |   157 |    91 |       ||   314
         Unarmed           |     1 |       |       |       |       ||     1
         Touch             |       |     4 |    25 |     1 |       ||    30
         Punch             |       |       |     1 |       |       ||     1
         Flail             |       |       |       |   279 |   648 ||   927
   Cast: Necrotise         |    59 |    61 |    89 |    39 |   100 ||   348
         Vampiric Draining |       |    12 |    89 |   205 |   356 ||   662
         Dispel Undead     |       |       |       |     7 |    21 ||    28
         Animate Dead      |       |       |       |    11 |    23 ||    34
         Curse of Agony    |       |       |       |    26 |   136 ||   162
         Borgnjor's Vile C |       |       |       |       |     3 ||     3
         Anguish           |       |       |       |       |     1 ||     1
    Use: Scroll            |       |       |       |    13 |     8 ||    21
         Potion            |       |       |       |     6 |     3 ||     9
   Stab: Sleeping          |       |     1 |     2 |     1 |     1 ||     5
         Distracted        |       |       |       |     1 |     1 ||     2
 Armour: Robe              |    28 |    58 |   153 |       |       ||   239
         Ring mail         |       |       |       |   148 |   249 ||   397
         Steam dragon scal |       |       |       |   424 |   913 ||  1337
  Dodge: Dodged            |    21 |    45 |   117 |   614 |  1637 ||  2434
  Block: Buckler           |       |       |       |   159 |   409 ||   568
